 Dungeon Crawl Stone Soup version 0.30-a0-385-gfebfb9b408 (webtiles) character file.

Game seed: 11114110885003783866

9765 xSliceyx the Protected (level 11, -14/97 HPs)
             Began as a Minotaur Fighter on Dec 2, 2022.
             Was a Believer of Wu Jian.
             Demolished by a two-headed ogre
             ... wielding a +0 giant club
              (25 damage)
             ... on level 10 of the Dungeon.
             The game lasted 00:54:26 (10554 turns).

xSliceyx the Protected (Minotaur Fighter)          Turns: 10554, Time: 00:54:26

Health: -14/97     AC: 15    Str: 32    XL:     11   Next: 27%
Magic:  10/10      EV: 11    Int:  5    God:    Wu Jian [**....]
Gold:   302        SH:  5    Dex: 10    Spells: 4/10 levels left

rFire   . . .      SeeInvis .    d - +3 scimitar (flame)
rCold   . . .      Faith    +    c - +0 buckler
rNeg    . . .      Spirit   .    A - +0 chain mail "Lofiv" {Drain Str+7}
rPois   +          Reflect  .    m - +1 hat
rElec   .          Harm     .    (no cloak)
rCorr   +          Rampage  .    (no gloves)
Will    .....                    j - +0 pair of boots
Stlth   ..........               u - amulet of faith
HPRegen 0.36/turn                K - ring of poison resistance
MPRegen 0.12/turn                I - ring of resist corrosion

@: no status effects
A: horns 2, retaliatory headbutt
a: Renounce Religion, Wall Jump


You were on level 10 of the Dungeon.
You worshipped Wu Jian.
Wu Jian was pleased with you.
You visited 2 branches of the dungeon, and saw 11 of its levels.
You also visited: Bailey.

You collected 572 gold pieces.
You spent 270 gold pieces at shops.

Inventory:

Hand Weapons
 a - a +0 war axe of electrocution
 d - a +3 scimitar of flaming (weapon)
 k - a +0 sling
 r - a +2 whip of draining
 R - a +0 spear of venom
Missiles
 B - 16 poisoned darts (quivered)
 F - 3 silver boomerangs
 P - a throwing net
Armour
 c - a +0 buckler (worn)
 j - a +0 pair of boots (worn)
 m - a +1 hat (worn)
 s - the +5 ring mail "Doss" {SInv Stlth+}
   (You found it in a bailey)

   SInv:      It lets you see invisible.
   Stlth:     It makes you more stealthy.
 z - a +2 plate armour of fire resistance
 A - the +0 chain mail "Lofiv" (worn) {Drain Str+7}
   (You found it on level 6 of the Dungeon)

   Str:       It affects your strength (+7).
   Drain:     It drains your maximum health when unequipped.
 C - the +3 leather armour "Cuzeuju" {Will++}
   (You found it in a bailey)

   Will:      It greatly increases your willpower.
 E - the +1 scale mail of Exclusion {Rampage rElec rC-}
   (You found it in a bailey)

   rC:        It makes you vulnerable to cold.
   rElec:     It insulates you from electricity.
   Rampage:   It bestows one free step when moving towards enemies.
Jewellery
 u - an amulet of faith (around neck)
 I - a ring of resist corrosion (right hand)
 K - a ring of poison resistance (left hand)
 L - a ring of protection from cold
 V - a +6 ring of intelligence
Wands
 b - a wand of polymorph (9)
 g - a wand of paralysis (4)
 t - a wand of mindburst (8)
 Q - a wand of roots (2)
Scrolls
 e - a scroll of vulnerability
 f - a scroll of enchant weapon
 i - 2 scrolls of amnesia
 x - 2 scrolls of teleportation
 y - 2 scrolls of fear
 G - 3 scrolls of magic mapping {unknown}
 J - a scroll of blinking {unknown}
 M - a scroll of summoning {unknown}
 U - 2 scrolls of identify
 W - a scroll of brand weapon
Potions
 h - 4 potions of brilliance
 l - 2 potions of resistance {unknown}
 n - 3 potions of lignification
 o - 4 potions of heal wounds
 p - 3 potions of attraction
 q - a potion of flight {unknown}
 v - 4 potions of mutation {unknown}
 w - a potion of cancellation {unknown}
 H - a potion of ambrosia {unknown}
 N - 3 potions of curing
 O - 2 potions of might
 S - 3 potions of magic {unknown}
 T - a potion of haste {unknown}
Miscellaneous
 D - a phial of floods


   Skills:
 - Level 9.1 Fighting
 - Level 2.4 Axes
 - Level 13.0 Armour
 - Level 7.7 Dodging
 - Level 5.0 Shields
 + Level 9.1 Evocations


You had 4 spell levels left.
You knew the following spells:

 Your Spells              Type           Power      Damage    Failure   Level
a - Apportation           Tloc           0%         N/A       92%         1
b - Passwall              Tmut/Erth      0%         N/A       98%         2
c - Swiftness             Air            0%         N/A       100%        3

Your spell library contained the following spells:

 Spells                   Type           Power      Damage    Failure   Level
 Ensorcelled Hibernation  Hex/Ice        0%         N/A       98%         2
 Scorch                   Fire           0%         2d5       98%         2
 Inner Flame              Hex/Fire       0%         N/A       100%        3
 Cause Fear               Hex            0%         N/A       100%        4
 Flame Wave               Conj/Fire      0%         2d4       100%        4
 Petrify                  Tmut/Erth      0%         N/A       100%        4
 Sticky Flame             Conj/Fire      0%         2d3       100%        4
 Alistair's Intoxication  Tmut/Pois      0%         N/A       100%        5
 Blade Hands              Tmut           0%         N/A       100%        5
 Irradiate                Conj/Tmut      0%         3d11      100%        5
 Metabolic Englaciation   Hex/Ice        0%         N/A       100%        5
 Statue Form              Tmut/Erth      0%         N/A       100%        6
 Summon Cactus Giant      Summ           0%         N/A       100%        6
 Dragon Form              Tmut           0%         N/A       100%        7
 Discord                  Hex            0%         N/A       100%        8


Dungeon Overview and Level Annotations

Branches:
Dungeon (10/15)            Temple (1/1) D:7          Bailey (visited)
   Lair: D:8-11         Orc: D:9-12

Altars:
Ashenzari
Cheibriados
Dithmenos
Elyvilon
Fedhas
Gozag
Hepliaklqana
Kikubaaqudgha
Makhleb
Nemelex Xobeh
Okawaru
Qazlal
Ru
Sif Muna
Trog
Uskayaw
Vehumet
Wu Jian
Xom
Yredelemnul
Zin
The Shining One

Shops:
D:5 ?   D:8 !

Annotations:
D:6 3 runed translucent doors, Groverdextrious's ghost, novice DgFi


Innate Abilities, Weirdness & Mutations

You have a pair of horns on your head.
You reflexively headbutt those who attack you in melee.


Message History

The two-headed ogre hits you with a +0 giant club!
The two-headed ogre closely misses you.
You barely miss the two-headed ogre.
You headbutt the two-headed ogre, but do no damage.
The two-headed ogre is moderately wounded.
The two-headed ogre barely misses you.
The two-headed ogre hits you with a +0 giant club!
You hit the two-headed ogre. You burn the two-headed ogre.
You headbutt the two-headed ogre!
The two-headed ogre is heavily wounded.
The two-headed ogre barely misses you. You furiously retaliate!
You headbutt the two-headed ogre!
The two-headed ogre hits you with a +0 giant club!
You closely miss the two-headed ogre.
The two-headed ogre is severely wounded.
The two-headed ogre barely misses you.
The two-headed ogre hits you with a +0 giant club!
You hit the two-headed ogre but do no damage.
The two-headed ogre is severely wounded.
The two-headed ogre barely misses you.
The two-headed ogre hits you with a +0 giant club!
You slash the two-headed ogre! You burn the two-headed ogre.
Your headbutt misses the two-headed ogre.
The two-headed ogre is almost dead.
You block the two-headed ogre's attack.
The two-headed ogre hits you with a +0 giant club!!
* * * LOW HITPOINT WARNING * * *
You closely miss the two-headed ogre.
The two-headed ogre is almost dead.
The two-headed ogre hits you with a +0 giant club!
* * * LOW HITPOINT WARNING * * *
The two-headed ogre completely misses you.
You slash the two-headed ogre! You burn the two-headed ogre.
Your headbutt misses the two-headed ogre.
The two-headed ogre is almost dead.
You block the two-headed ogre's attack. The two-headed ogre barely misses you.
You hit the two-headed ogre but do no damage.
The two-headed ogre is almost dead.
The two-headed ogre hits you with a +0 giant club!!
You die...

######## #......#
#####.####.# #####
#..@O.####.####...#
#.##..............#
####.###.####.####...##
#........####.# #....#
#.##.##.......# #....#
#.##.##.#############.#
#.#.).#.# ......# #.#
#.##.##.# ......# #.#
#.......# ......#####.#


You could see a two-headed ogre.

Vanquished Creatures
  Erica (D:9)
  3 two-headed ogres
  Joseph (D:7)
  A gargoyle (Bailey)
  A kobold demonologist (D:9)
  2 trolls (D:10)
  Grinder (D:4)
  2 wyverns (D:9)
  A vampire (Bailey)
  6 yaks (D:10)
  Grum (D:8)
  2 vampire mosquitoes (D:10)
  A steam dragon (D:8)
  A water moccasin (D:7)
  3 orc warriors
  2 black bears
  2 sky beasts
  An ogre (D:6)
  2 centaurs
  2 wolves
  A kobold brigand (D:10)
  Blork the orc (D:4)
  3 gnoll sergeants
  2 necrophages
  2 scorpions (D:7)
  6 bullfrogs
  2 jellies
  3 wights (D:8)
  4 killer bees (D:8)
  6 vampire bats (Bailey)
  4 howler monkeys
  4 wolf zombies (Bailey)
  3 hounds
  2 gnoll boudas
  6 orc priests
  6 iguanas
  4 orc wizards
  A mummy (D:5)
  9 adders
  24 gnolls
  A shadow imp (D:6)
  A white imp (D:7)
  An ufetubus (D:5)
  A worm (D:5)
  2 dart slugs (D:1)
  21 orcs
  3 ball pythons
  5 bats
  9 endoplasms
  2 giant cockroaches
  7 hobgoblins
  14 kobolds
  10 quokkas
  3 frilled lizards
  12 goblins
  4 kobold zombies (D:5)
  21 orc zombies (Bailey)
  4 rats
250 creatures vanquished.

Vanquished Creatures (others)
  A gnoll sergeant (D:8)
  A plant (D:2)
2 creatures vanquished.

Grand Total: 252 creatures vanquished

Notes
Turn   | Place    | Note
-------+----------+-------------------------------------------
     0 | D:1      | xSliceyx the Minotaur Fighter began the quest for the Orb.
     0 | D:1      | Reached XP level 1. HP: 19/19 MP: 0/0
   171 | D:1      | Reached skill level 4 in Armour
   171 | D:1      | Reached XP level 2. HP: 21/26 MP: 1/1
   515 | D:1      | Reached XP level 3. HP: 29/31 MP: 2/2
   647 | D:2      | Reached skill level 5 in Armour
  1260 | D:3      | Reached XP level 4. HP: 37/39 MP: 3/3
  1944 | D:4      | Noticed Grinder
  2298 | D:4      | Noticed Blork the orc
  2326 | D:5      | Entered Level 5 of the Dungeon
  2498 | D:5      | Reached skill level 6 in Armour
  2498 | D:5      | Reached skill level 5 in Shields
  2498 | D:5      | Reached XP level 5. HP: 45/45 MP: 4/4
  2528 | D:5      | Noticed a black bear
  2570 | D:4      | Killed Blork the orc
  2571 | D:4      | Reached skill level 7 in Armour
  2747 | D:4      | Paralysed by Grinder for 3 turns
  2750 | D:4      | Killed Grinder
  2751 | D:4      | Reached skill level 8 in Armour
  2751 | D:4      | Reached XP level 6. HP: 46/53 MP: 5/5
  3149 | D:5      | Reached skill level 5 in Fighting
  3149 | D:5      | Reached XP level 7. HP: 51/61 MP: 6/6
  3490 | D:5      | Found Moeteen's Magic Scroll Shop.
  3494 | D:5      | Bought a scroll of fear for 52 gold pieces
  3494 | D:5      | Bought a scroll of identify for 26 gold pieces
  4363 | D:6      | Reached XP level 8. HP: 52/77 MP: 7/7
  4738 | D:6      | Identified the +0 chain mail "Lofiv" {Drain Str+7}
  4796 | D:6      | Found a runed translucent gate.
  4797 | D:6      | Found a runed translucent gate.
  4797 | D:6      | Found a runed translucent gate.
  4798 | D:6      | Found an opulent altar of Gozag.
  4799 | D:6      | Noticed Groverdextrious's ghost (novice DgFi)
  5269 | D:7      | Found a flagged portal.
  5293 | Bailey   | Entered a bailey
  5515 | Bailey   | Noticed a gargoyle
  5528 | Bailey   | Killed a gargoyle
  5868 | Bailey   | Reached XP level 9. HP: 81/83 MP: 8/8
  5971 | Bailey   | Identified the +5 ring mail "Doss" {SInv Stlth+}
  6131 | Bailey   | Identified the +3 leather armour "Cuzeuju" {Will++}
  6135 | Bailey   | Identified the +1 scale mail of Exclusion {Rampage rElec
                  | rC-}
  6380 | D:7      | Reached skill level 9 in Armour
  6650 | D:7      | Reached skill level 10 in Armour
  6667 | D:7      | Noticed Joseph
  6672 | D:7      | Killed Joseph
  6673 | D:7      | Reached skill level 11 in Armour
  6745 | D:7      | Found a staircase to the Ecumenical Temple.
  6783 | Temple   | Entered the Ecumenical Temple
  7016 | Temple   | Became a worshipper of the Wu Jian Council
  7493 | D:8      | Reached skill level 12 in Armour
  7575 | D:8      | Reached XP level 10. HP: 91/91 MP: 9/9
  7576 | D:8      | Noticed Grum
  7761 | D:8      | Killed Grum
  7816 | D:8      | Found Zismotet's Distillery.
  7858 | D:8      | Bought a potion of curing for 48 gold pieces
  7858 | D:8      | Bought a potion of heal wounds for 80 gold pieces
  7858 | D:8      | Bought a potion of might for 64 gold pieces
  7890 | D:8      | Reached * piety under Wu Jian
  7891 | D:8      | Reached skill level 13 in Armour
  7932 | D:8      | Reached skill level 1 in Evocations
  8145 | D:8      | Found a burning altar of Makhleb.
  8289 | D:8      | Found a glowing golden altar of the Shining One.
  8747 | D:9      | Noticed Erica
  8764 | D:9      | Killed Erica
  8765 | D:9      | Reached skill level 5 in Evocations
  9069 | D:9      | Noticed a two-headed ogre
  9077 | D:9      | Killed a two-headed ogre
  9374 | D:10     | Entered Level 10 of the Dungeon
  9382 | D:10     | Reached ** piety under Wu Jian
  9399 | D:10     | Reached XP level 11. HP: 71/97 MP: 10/10
  9520 | D:10     | Noticed a two-headed ogre
  9531 | D:10     | Killed a two-headed ogre
  9678 | D:10     | Learned a level 1 spell: Apportation
  9681 | D:10     | Learned a level 2 spell: Passwall
  9685 | D:10     | Learned a level 3 spell: Swiftness
  9887 | D:10     | Noticed a two-headed ogre
  9892 | D:10     | Killed a two-headed ogre
  9949 | D:10     | Identified the +1 robe "Buucon" {rElec Int-4 Dex+5}
 10377 | D:10     | Noticed a two-headed ogre
 10554 | D:10     | Demolished by a two-headed ogre

Illustrated notes

Levels and vault maps discovered:
D:1:      beargit_arrival_diablo_church, layout_rooms, chequers_decorated_corner
D:2:      cheibrodos_old_hovel, layout_rooms, grunt_decor_one_mirror
D:3:      layout_basic, grunt_decor_fettered, kennysheep_generic_room_5
D:4:      layout_basic, nicolae_concentric_dashed_squares_mild,
          uniq_blork_the_orc, uniq_grinder
D:5:      layout_gridville, serial_shops, shop, minmay_mini_ossuary
D:6:      layout_basic, ebering_ghost_gozag
D:7:      layout_basic, minmay_temple_entry_statues, enter_bailey_5,
          minmay_increasing_density, uniq_joseph
D:8:      layout_cave_pools, lemuel_tele_altar, serial_shops,
          nicolae_shop_waterfront, solitary_fountain, david_defended_altar_orc,
          uniq_grum
D:9:      layout_roguey, hangedman_abyss_or_decor_stagger, uniq_erica
D:10:     layout_loops_cross
Temple:   mainiacjoe_temple_hex_bubbles

Skill      XL: |  1  2  3  4  5  6  7  8  9 10 11 |
---------------+----------------------------------+-----
Armour         | 4 5 6 8 12 13 | 13.0
Shields        | 4 5 |  5.0
Fighting       | 4 5 8 9 |  9.1
Dodging        | 7 |  7.7
Evocations     | 7 9 |  9.1
Axes           | |  2.4

Action                   |  1- 3 |  4- 6 |  7- 9 | 10-12 || total
-------------------------+-------+-------+-------+-------++-------
Melee: War axe           |    92 |    65 |   237 |    86 ||   480
       Headbutt          |    11 |    14 |    57 |    44 ||   126
       Whip              |       |     8 |    70 |       ||    78
       Scimitar          |       |       |       |   111 ||   111
 Fire: Sling             |       |     2 |     2 |       ||     4
Throw: Dart              |       |       |       |     4 ||     4
Invok: Lunge             |       |       |     3 |    15 ||    18
Evoke: Wand              |       |       |     1 |       ||     1
  Use: Scroll            |       |       |    11 |       ||    11
       Potion            |       |       |     1 |     1 ||     2
Armor: Scale mail        |    39 |    53 |    54 |       ||   146
       Chain mail        |       |       |   116 |   132 ||   248
Dodge: Dodged            |    46 |    27 |   152 |   154 ||   379
Block: Buckler           |    18 |    16 |    96 |    67 ||   197

Table legend: (Time is in decaauts)
 A = Elapsed time spent in this place.
 B = Non-inter-level travel time spent in this place.
 C = Inter-level travel time spent in this place.
 D = Time resting spent in this place.
 E = Time spent auto-exploring this place.
 F = Levels seen in this place.
 G = Mean time per level.
                   A        B        C        D        E       F      G
               +--------+--------+--------+--------+--------+-----+--------+
         Total |  10815 |  10249 |    566 |   2047 |   5863 |  12 |  901.2 |
       Dungeon |   9640 |   9108 |    532 |   1808 |   5254 |  10 |  964.0 |
        Temple |    243 |    209 |     34 |      0 |    198 |   1 |  243.0 |
        Bailey |    931 |    931 |      0 |    239 |    411 |   1 |  931.0 |
               +--------+--------+--------+--------+--------+-----+--------+

Top non-repeatable levels by time:
     D:6: 1436 daAuts
     D:7: 1263 daAuts
    D:10: 1078 daAuts
     D:9: 1019 daAuts
     D:5: 1007 daAuts
     D:8: 942 daAuts
  Bailey: 931 daAuts
     D:4: 859 daAuts
     D:3: 820 daAuts
     D:1: 660 daAuts
     D:2: 552 daAuts
  Temple: 243 daAuts
